 Dungeon Crawl Stone Soup version 0.30.1-5-ged363bc7ee (webtiles) character file.

Game seed: 14799508251624321125

57 Cheops the Caller (level 4, 0/30 HPs)
             Began as a Merfolk Summoner on Sept 19, 2023.
             Slain by a water moccasin (5 damage)
             ... on level 3 of the Dungeon.
             The game lasted 00:09:27 (1598 turns).

Cheops the Caller (Merfolk Summoner)                Turns: 1598, Time: 00:09:27

Health: 0/30       AC:  3    Str:  8    XL:     4   Next: 0%
Magic:  8/8        EV: 12    Int: 16    God:
Gold:   112        SH:  0    Dex: 14    Spells: 3/9 levels left

rFire   . . .        a - +0 spear
rCold   . . .        (no shield)
rNeg    + . .        d - +0 robe
rPois   .            (no helmet)
rElec   .            i - +0 cloak
rCorr   .            (no gloves)
SInv    .            (no boots)
Will    .....        h - amulet of magic regeneration
Stlth   ++           q - ring of positive energy
HPRegen 0.25/turn    (no ring)
MPRegen 0.51/turn

%: no passive effects
@: lethally poisoned (0 -> -4)
A: (nimble swimmer 2), mertail
a: no special abilities


You were on level 3 of the Dungeon.
You visited 1 branch of the dungeon, and saw 3 of its levels.

You collected 112 gold pieces.

Inventory:

Hand Weapons
 a - a +0 spear (weapon)
Armour
 d - a +0 robe (worn)
 i - a +0 cloak (worn)
Jewellery
 h - an amulet of magic regeneration (around neck)
 o - the amulet "Vuoxesk" {Spirit Will+ rCorr}
   (You found it on level 2 of the Dungeon)

   [amulet of guardian spirit]

   It causes incoming damage to be divided between your reserves of health and
   magic.
   rCorr:     It protects you from acid and corrosion.
   Will:      It increases your willpower.
 q - a ring of positive energy (left hand)
Scrolls
 c - a scroll of teleportation {unknown}
 e - a scroll of brand weapon {unknown}
 j - a scroll of acquirement {unknown}
 k - a scroll of vulnerability {unknown}
 l - a scroll of magic mapping {unknown}
 r - a scroll of silence {unknown}
 s - a scroll of poison {unknown}
Potions
 b - a potion of magic
 f - a potion of curing {unknown}
 g - a potion of invisibility {unknown}
 m - a potion of heal wounds {unknown}
 n - a potion of haste {unknown}
 p - a potion of brilliance {unknown}
 t - 4 potions of resistance {unknown}


   Skills:
 + Level 2.4 Polearms
 - Level 2.6 Dodging
 - Level 2.1 Stealth
 - Level 3.0 Spellcasting
 * Level 4.3 Summonings


You had 3 spell levels left.
You knew the following spells:

 Your Spells              Type           Power      Damage    Failure   Level
C - Call Canine Familiar  Summ           16%        N/A       10%         3
I - Call Imp              Summ           32%        N/A       4%          2
M - Summon Small Mammal   Summ           64%        N/A       3%          1

Your spell library contained the following spells:

 Spells                   Type           Power      Damage    Failure   Level
 Summon Guardian Golem    Hex/Summ       9%         N/A       22%         3
 Summon Lightning Spire   Summ/Air       9%         N/A       58%         4


Dungeon Overview and Level Annotations

Branches:
Dungeon (3/15)

Altars:

Shops:
D:1 [


Innate Abilities, Weirdness & Mutations

((You are very nimble when in or above water. (Stealth+, EV+, Speed+++)))
Your lower body shifts to a powerful aquatic tail in water.


Message History

Your hound barely misses the water moccasin.
The water moccasin bites you!
You are poisoned.
The water moccasin poisons you!
Casting: Call Canine Familiar (quite dangerous; 10% risk of failure)
Confirm with . or Enter, or press ? or * to list all spells.
Okay, then.
Casting: Call Canine Familiar (quite dangerous; 10% risk of failure)
Confirm with . or Enter, or press ? or * to list all spells.
A tiny devil pulls itself out of the air.
You feel very sick.
Your hound bites the water moccasin.
The water moccasin barely misses you.
You hit the water moccasin but do no damage.
The water moccasin is moderately wounded.
You feel sick.
Your hound barely misses the water moccasin.
The water moccasin bites you but does no damage.
Your hound bites the water moccasin.
Your cerulean imp hits the water moccasin from afar with a -3 spear.
You miss the water moccasin.
The water moccasin is heavily wounded.
You feel sick.
The water moccasin bites you but does no damage.
Your hound barely misses the water moccasin.
The water moccasin bites you!
* * * LOW HITPOINT WARNING * * *
Your cerulean imp closely misses the water moccasin.
You hit the water moccasin.
The water moccasin is heavily wounded.
* * * LOW HITPOINT WARNING * * *
You feel sick.
Your hound closely misses the water moccasin.
The water moccasin barely misses you.
Your hound bites the water moccasin.
Your cerulean imp barely misses the water moccasin.
You hit the water moccasin but do no damage.
The water moccasin is severely wounded.
You feel sick. The water moccasin barely misses you.
Your hound closely misses the water moccasin.
The water moccasin bites you.
You die...

#.#.# #.#..#
##.#.##### #.#..#
.#.#....... #<#..#
.#.#........#.#..#
.................# #
............####(#.#
.. ............
#.#.#.... ...##......
##Sh5..... ...# ......
#.@#.#....
...##.......###..# # .
.................#
#...##########...#
#...#######....###.
.....................#
#.##..###...######.#.#
#. #....#.### #.
##.#>..#


You could see a water moccasin (ally target), a friendly hound (summoned) and a
friendly cerulean imp (summoned).

Vanquished Creatures
  2 adders (D:2)
  A bat (D:1)
  2 endoplasms (D:1)
  2 giant cockroaches
  3 goblins (D:2)
  A hobgoblin (D:3)
  A ball python (D:2)
  2 frilled lizards
  2 kobolds
  4 rats
20 creatures vanquished.

Vanquished Creatures (collateral kills)
  A dart slug (D:2)
  2 orcs (D:3)
  3 bats (D:1)
  An endoplasm (D:2)
  A giant cockroach (D:2)
  A hobgoblin (D:1)
  A jackal (D:2)
  A quokka (D:2)
  A frilled lizard (D:3)
  2 goblins
  A kobold (D:2)
15 creatures vanquished.

Grand Total: 35 creatures vanquished

Notes
Turn   | Place    | Note
-------+----------+-------------------------------------------
     0 | D:1      | Cheops the Merfolk Summoner began the quest for the Orb.
     0 | D:1      | Reached XP level 1. HP: 13/13 MP: 3/3
   214 | D:1      | Reached XP level 2. HP: 19/19 MP: 2/5
   301 | D:1      | Found Ukeogof's Antique Armour Shoppe.
   734 | D:1      | Learned a level 2 spell: Call Imp
   897 | D:2      | Reached skill level 1 in Polearms
   900 | D:2      | Reached XP level 3. HP: 13/24 MP: 7/7
  1003 | D:2      | Learned a level 3 spell: Call Canine Familiar
  1068 | D:2      | Identified the amulet "Vuoxesk" {Spirit Will+ rCorr}
  1476 | D:3      | Noticed a water moccasin
  1560 | D:3      | Reached XP level 4. HP: 30/30 MP: 8/8
  1598 | D:3      | Slain by a water moccasin

Illustrated notes

Levels and vault maps discovered:
D:1:      saegor_arrival_simple_b, layout_basic, serial_shops, shop
D:2:      layout_basic, minmay_domino_4
D:3:      layout_basic

Skill      XL: |  1  2  3 |
---------------+----------+-----
Polearms       | 1 2 |  2.4
Spellcasting   | 3 |  3.0
Dodging        | |  2.6
Stealth        | |  2.1
Summonings     | |  4.3

Action                     |  1- 3 |  4- 6 || total
---------------------------+-------+-------++-------
  Melee: Unarmed           |    21 |       ||    21
         Punch             |     3 |       ||     3
         Spear             |    85 |     4 ||    89
   Cast: Summon Small Mamm |    17 |       ||    17
         Call Imp          |     4 |     1 ||     5
         Call Canine Famil |     4 |       ||     4
   Stab: Sleeping          |     4 |       ||     4
         Distracted        |     2 |       ||     2
 Armour: Robe              |    31 |     2 ||    33
  Dodge: Dodged            |    72 |     3 ||    75
